AoeStats
← Horny

Arabian Desert

508906649Analyzed
1v1 RM · 8d ago on Sep 24, 2026· 41m 21s· 2 players
Game mode
Random Map
Map size
Tiny (2 player)
Population
200
Speed
Normal
Resources
Standard
Victory
Conquest
Starting age
Dark Age
Ending age
Imperial Age
RankedLock teamsTeams togetherTeam positionsShared explorationLock speedFull tech treeHidden civsTurbo modeCheats
Victory
Defeat
🇸🇮 Mongols · Slovenia
1139
+17
🇹🇼 Varangians · Taiwan
1162
-17
Horny
10:31 Feudal Age
10:31 Loom
11:43 Double-Bit Axe
14:56 Fletching
19:50 Castle Age
18:59 Stone Mining
19:21 Padded Archer Armor
29:59 Wheelbarrow
30:51 Bodkin Arrow
34:45 Gold Mining
34:41 Horse Collar
35:54 Leather Archer Armor
35:59 Bloodlines
36:07 Husbandry
36:59 Bow Saw
40:26 Thumb Ring
40:56 Hand Cart
花雪
8:35 Loom
10:34 Feudal Age
11:46 Double-Bit Axe
14:42 Castle Age
12:50 Horse Collar
15:33 Bloodlines
15:47 Bow Saw
16:19 Husbandry
16:35 Forging
18:49 Squires
23:29 Scale Mail Armor
23:40 Scale Barding Armor
25:43 Husbandry
26:48 Iron Casting
26:09 Town Watch
27:47 Chain Barding Armor
34:05 Elite Skirmisher
34:53 Stone Mining
34:58 Gold Mining
36:26 Wheelbarrow
38:12 Ballistics
41:39 Fletching
Connection lost

Rejoining the realm…

Still unreachable

The connection could not be restored.

Session expired

The server has moved on; the page needs a fresh start.